 Dungeon Crawl Stone Soup version 0.20.0-1-g1cb1d84 (webtiles) character file.

1389 Gorglomux the Cleaver (level 8, -3/67 HPs)
             Began as a Minotaur Arcane Marksman on May 26, 2017.
             Slain by Duvessa
             ... wielding a +0 short sword
              (6 damage)
             ... on level 5 of the Dungeon.
             The game lasted 00:04:22 (4811 turns).

Gorglomux the Cleaver (Minotaur Arcane Marksman)    Turns: 4811, Time: 00:04:23

Health: -3/67      AC:  6    Str: 15    XL:     8   Next: 40%
Magic:  8/8        EV: 13    Int: 15    God:
Gold:   265        SH:  0    Dex: 13    Spells: 8/9 levels left

rFire    . . .     SeeInvis .   K - +0 war axe
rCold    . . .     Gourm    .   (no shield)
rNeg     . . .     Faith    .   T - +0 ring mail
rPois    .         Spirit   .   (helmet restricted)
rElec    .         Reflect  .   (no cloak)
rCorr    .         Harm     .   (no gloves)
MR       .....                  (no boots)
Stlth    +.........             (no amulet)
Regen    0.3/turn               (no ring)
MPRegen  0.2/turn               (no ring)

@: brilliant
A: retaliatory headbutt, horns 2
a: no special abilities


You were on level 5 of the Dungeon.
You were not hungry.

You visited 1 branch of the dungeon, and saw 5 of its levels.

You collected 265 gold pieces.

Inventory:

Hand Weapons
 F - a +0 battleaxe
 I - a +0 rapier
 K - a +0 war axe (weapon)
 M - a +0 mace
Missiles
 c - 3 javelins (quivered)
 Z - a throwing net
Armour
 a - a +0 robe
 G - a +0 buckler
 T - a +0 ring mail (worn)
Wands
 J - a wand of lightning (7/15)
 L - a wand of lightning (4/15)
Scrolls
 R - 3 scrolls of identify
 S - 3 scrolls of enchant weapon
 U - a scroll of fear {unknown}
 W - 2 scrolls of random uselessness {unknown}
 Y - 4 scrolls of remove curse
Potions
 E - a potion of cancellation {unknown}
 N - 2 potions of heal wounds {unknown}
 O - a potion of magic
 P - a potion of might {unknown}
 V - a potion of ambrosia {unknown}
 X - 2 potions of lignification {unknown}
Books
 b - a book of Debilitation

   Spells                             Type                      Level
   a - Corona                         Hexes                        1
   b - Slow                           Hexes                        2
   c - Inner Flame                    Hexes/Fire                   3
   d - Portal Projectile              Hexes/Translocation          3
   e - Cause Fear                     Hexes                        4
   f - Leda's Liquefaction            Hexes/Earth                  4
Comestibles
 f - 3 bread rations
 z - 2 meat rations
 Q - 2 royal jellies


   Skills:
 - Level 4.8 Fighting
 + Level 8.7 Axes
 - Level 2.0 Throwing
 - Level 4.7 Armour
 - Level 5.2 Dodging
 - Level 1.0 Spellcasting
 - Level 2.0 Hexes


You had 8 spell levels left.
You knew the following spells:

 Your Spells              Type           Power        Failure   Level  Hunger
a - Corona                Hex            ###....      2%          1    ##.....


Dungeon Overview and Level Annotations

Branches:
Dungeon (5/15)
 Temple: D:4-7

Altars:
Hepliaklqana

Annotations:
D:2 1 runed door
D:5 Dowan, Duvessa


Innate Abilities, Weirdness & Mutations

You reflexively headbutt those who attack you in melee.
You have a pair of horns on your head.


Message History

* * * LOW HITPOINT WARNING * * *
Evoke which item? (* to show all) (? for menu, Esc to quit)
Aiming: Lightning Bolt
Press: ? - help, Shift-Dir - straight line, f - Duvessa
Aim: Duvessa, wielding a short sword and wearing a shiny ring mail (moderately wounded, fast)
You hear a mighty clap of thunder!
The bolt of lightning hits Duvessa.
Duvessa is severely wounded.
This wand has 4 charges left.
You hear a shout!
Duvessa hits you with a short sword!
* * * LOW HITPOINT WARNING * * *
Duvessa misses you.
It was a potion of magic.
Magic courses through your body. Duvessa hits you with a short sword.
* * * LOW HITPOINT WARNING * * *
It was a potion of brilliance.
You feel clever all of a sudden. Duvessa misses you.
Duvessa hits you with a short sword.
You die...

#......#
######+#......########
......................#
........(.............#
.......................
.....$..#..............
........#......$.......
........+.._...........
[......@#..............
.......e#..............
........e....#.........
........#....#........#
........#....#........#
..$>....#..$.#........#
........#....#........#
........#....#........#
........#....#........#


You could see Duvessa and Dowan.

Vanquished Creatures
  Grinder (D:3)
  Sigmund (D:4)
  Menkaure (D:5)
  Edmund (D:4)
  Purgy (D:3)
  A phantom (D:4)
  Blork the orc (D:4)
  A scorpion (D:4)
  A crimson imp (D:5)
  2 hounds (D:4)
  A jelly (D:5)
  An orc priest (D:3)
  An orc wizard (D:3)
  An iguana (D:4)
  2 worker ants (D:4)
  Ijyb (D:4)
  Robin (D:4)
  11 adders
  A worm (D:2)
  A dart slug (D:3)
  A leopard gecko (D:1)
  5 orcs
  9 bats
  3 giant cockroaches
  17 goblins
  9 hobgoblins
  3 jackals (D:4)
  2 quokkas
  A ball python (D:3)
  3 frilled lizards
  6 kobolds
  A leopard gecko skeleton (D:4)
  7 rats
99 creatures vanquished.

Notes
Turn   | Place    | Note
-------+----------+-------------------------------------------
     0 | D:1      | Gorglomux the Minotaur Arcane Marksman began the quest for the Orb.
     0 | D:1      | Reached XP level 1. HP: 16/16 MP: 1/1
   151 | D:1      | Reached XP level 2. HP: 9/23 MP: 2/2
   536 | D:1      | Reached skill level 1 in Armour
   859 | D:2      | Reached XP level 3. HP: 20/29 MP: 3/3
  1029 | D:2      | Reached skill level 3 in Dodging
  1221 | D:2      | Found a runed door.
  1672 | D:3      | Reached XP level 4. HP: 13/37 MP: 4/4
  2239 | D:3      | Reached skill level 3 in Fighting
  2242 | D:3      | Reached skill level 3 in Armour
  2242 | D:3      | Reached XP level 5. HP: 24/45 MP: 5/5
  2394 | D:3      | Noticed Purgy
  2411 | D:3      | Killed Purgy
  2684 | D:3      | Noticed Grinder
  2702 | D:3      | Paralysed by Grinder for 4 turns
  2710 | D:3      | Killed Grinder
  2710 | D:3      | Reached XP level 6. HP: 31/53 MP: 6/6
  3143 | D:4      | Reached skill level 1 in Axes
  3143 | D:4      | Reached XP level 7. HP: 58/60 MP: 7/7
  3152 | D:4      | Noticed Sigmund
  3162 | D:4      | Killed Sigmund
  3162 | D:4      | Reached skill level 3 in Axes
  3165 | D:4      | Reached skill level 4 in Axes
  3263 | D:4      | Noticed Ijyb
  3273 | D:4      | HP: 1/60 [Ijyb/wand of lightning (?/15) (15)]
  3274 | D:4      | Killed Ijyb
  3659 | D:4      | Noticed Edmund
  3683 | D:4      | Killed Edmund
  3683 | D:4      | Reached skill level 5 in Axes
  3962 | D:4      | Reached skill level 6 in Axes
  3972 | D:4      | Reached XP level 8. HP: 60/67 MP: 8/8
  4046 | D:4      | Reached skill level 7 in Axes
  4090 | D:4      | Noticed Blork the orc
  4098 | D:4      | Killed Blork the orc
  4330 | D:4      | Noticed Robin
  4340 | D:4      | Killed Robin
  4664 | D:5      | Entered Level 5 of the Dungeon
  4668 | D:5      | Noticed Menkaure
  4674 | D:5      | Killed Menkaure
  4674 | D:5      | Reached skill level 8 in Axes
  4774 | D:5      | Found a hazy altar of Hepliaklqana.
  4774 | D:5      | Noticed Dowan
  4777 | D:5      | Noticed Duvessa
  4810 | D:5      | HP: 3/67 [Duvessa/short sword (3)]
  4811 | D:5      | Slain by Duvessa

Skill      XL: |  1  2  3  4  5  6  7  8 |
---------------+-------------------------+-----
Armour         | 1 2 3 4 |  4.7
Fighting       | 2 3 4 |  4.8
Dodging        | 3 4 5 |  5.2
Axes           | 1 6 8 |  8.7
Throwing       | |  2.0
Spellcasting   | |  1.0
Hexes          | |  2.0

Action                   |  1- 3 |  4- 6 |  7- 9 || total
-------------------------+-------+-------+-------++-------
Melee: Unarmed           |    83 |       |       ||    83
       Headbutt          |    18 |     9 |    33 ||    60
       Mace              |    31 |     3 |       ||    34
       Rapier            |       |    75 |       ||    75
       War axe           |       |     3 |   134 ||   137
Throw: Javelin           |     4 |    10 |       ||    14
       Throwing net      |       |     1 |       ||     1
Evoke: Wand              |       |       |     5 ||     5
  Use: Scroll            |       |     6 |     1 ||     7
       Potion            |       |       |     2 ||     2
  Eat: Chunk             |     2 |     5 |     6 ||    13
Armor: Robe              |     3 |       |       ||     3
       Ring mail         |    37 |    44 |    35 ||   116
Dodge: Dodged            |    83 |    71 |   106 ||   260
